 Dungeon Crawl Stone Soup version 0.27-a0-1105-g946c659c87 (webtiles) character file.

Game seed: 18437394350377015817

37 robertstho the Skirmisher (level 3, -7/45 HPs)
             Began as a Demonspawn Berserker on Apr 29, 2021.
             Was a Believer of Trog.
             Mangled by Sigmund
             ... wielding a +0 scythe
              (10 damage)
             ... on level 2 of the Dungeon.
             The game lasted 00:01:38 (1305 turns).

robertstho the Skirmisher (Demonspawn Berserker)    Turns: 1305, Time: 00:01:38

Health: -7/45      AC:  2    Str: 17    XL:     3   Next: 23%
Magic:  3/3        EV: 12    Int:  8    God:    Trog [**....]
Gold:   28         SH:  0    Dex: 13    Spells: 2/2 levels left

rFire    . . .     SeeInvis .   a - +0 hand axe
rCold    + . .     Faith    .   (no shield)
rNeg     . . .     Spirit   .   b - +0 animal skin
rPois    .         Reflect  .   (no helmet)
rElec    .         Harm     .   (no cloak)
rCorr    .         Rampage  .   (no gloves)
Will     .....                  (no boots)
Stlth    ..........             (no amulet)
HPRegen  0.15/turn              c - ring of protection from cold
MPRegen  0.08/turn              (no ring)

@: confused, berserking (expiring), very quick
A: demonic magic 1
a: Renounce Religion, Berserk, Trog's Hand


You were on level 2 of the Dungeon.
You worshipped Trog.
Trog was pleased with you.
You visited 1 branch of the dungeon, and saw 2 of its levels.

You collected 28 gold pieces.

Inventory:

Hand Weapons
 a - a +0 hand axe (weapon)
Armour
 b - a +0 animal skin (worn)
Jewellery
 c - a ring of protection from cold (left hand)
Scrolls
 d - a scroll of identify {unknown}
Potions
 e - a potion of curing {unknown}


   Skills:
 * Level 3.8 Fighting
 + Level 3.0 Axes
 * Level 2.0 Armour
 + Level 2.0 Dodging
 + Level 0.1 Stealth


You had 2 spell levels left.
You didn't know any spells.
Your spell library was empty.

Dungeon Overview and Level Annotations

Branches:
Dungeon (2/15)

Altars:

Annotations:
D:2 Sigmund


Innate Abilities, Weirdness & Mutations

Spells you cast may paralyse adjacent enemies.


Message History

(D) Dungeon
Where to? (? - help)
You see here a +0 dagger.
There is an open door here.
There is a stone staircase leading down here.
You climb downwards.
There is a stone staircase leading up here.
Sigmund the Dreaded comes into view.
He is wielding a +0 scythe and wearing a +2 robe of cold resistance.
Sigmund shouts!
A rat comes into view.
There are monsters nearby!
There are monsters nearby!
There are monsters nearby!
Sigmund casts a spell at himself.
Sigmund flickers and vanishes!
Deactivating autopickup; reactivate with Ctrl-A.
Something hits you!
A red film seems to cover your vision as you go berserk!
You feel yourself moving faster!
You feel mighty! Something hits you.
You feel a strong urge to attack something.
A kobold comes into view. It is wielding a +0 dagger.
The kobold shouts!
Something hits you.
You hit something.
A frilled lizard comes into view.
You hear some strange, mumbled words.
Something tries to affect you, but you resist.
You barely miss something.
The frilled lizard hisses angrily.
Something hits you.
You hit something. Something hits you.
You miss something. You miss something. Something hits you!
* * * LOW HITPOINT WARNING * * *
You miss something.
You hear some strange, mumbled words.
You are confused.
You barely miss something. Something hits you but does no damage.
Something hits you!
You die...

#.... #... #...
#.. #K. #l# #.#
#.# #@# #.# #.#
#.###############
#...............#
###############.#
#.# #.# #.#


You could see a kobold and a frilled lizard.

Vanquished Creatures
  2 dart slugs (D:1)
  3 bats (D:1)
  7 endoplasms (D:1)
  3 goblins (D:1)
  A hobgoblin (D:1)
  4 jackals (D:1)
  A quokka (D:1)
  4 ball pythons (D:1)
  4 rats (D:1)
29 creatures vanquished.

Notes
Turn   | Place    | Note
-------+----------+-------------------------------------------
     0 | D:1      | robertstho the Demonspawn Berserker began the quest for the
                  | Orb.
     0 | D:1      | Reached XP level 1. HP: 18/18 MP: 1/1
     3 | D:1      | Noticed an electric eel
     4 | D:1      | Noticed an electric eel
   528 | D:1      | Found a faded altar of an unknown god.
   566 | D:1      | Gained mutation: Spells you cast may paralyse adjacent
                  | enemies. [demonic ancestry]
   566 | D:1      | Reached XP level 2. HP: 24/24 MP: 2/2
   983 | D:1      | Reached XP level 3. HP: 30/30 MP: 3/3
  1115 | D:1      | Reached ** piety under Trog
  1286 | D:2      | Noticed Sigmund
  1305 | D:2      | Mangled by Sigmund

Illustrated notes

Levels and vault maps discovered:
D:1:      arrival_aquarium_b, layout_basic, ebering_ecumenical_altar_hall
D:2:      layout_basic, basic_altar, uniq_sigmund, uniq_terence

Skill      XL: |  1  2  3 |
---------------+----------+-----
Armour         | 2 |  2.0
Dodging        | 2 |  2.0
Axes           | 3 |  3.0
Fighting       | |  3.8
Stealth        | |  0.1

Action                   || total
-------------------------++-------
Melee: Hand axe          ||    94
Invok: Berserk           ||     5
 Stab: Sleeping          ||     1
Armor: Animal skin       ||    28
Dodge: Dodged            ||    80

Table legend: (Time is in decaauts)
 A = Elapsed time spent in this place.
 B = Non-inter-level travel time spent in this place.
 C = Inter-level travel time spent in this place.
 D = Time resting spent in this place.
 E = Time spent auto-exploring this place.
 F = Levels seen in this place.
 G = Mean time per level.
                   A        B        C        D        E       F      G
               +--------+--------+--------+--------+--------+-----+--------+
         Total |   1348 |   1306 |     42 |    496 |    585 |   2 |  674.0 |
       Dungeon |   1348 |   1306 |     42 |    496 |    585 |   2 |  674.0 |
               +--------+--------+--------+--------+--------+-----+--------+

Top non-repeatable levels by time:
     D:1: 1304 daAuts
     D:2: 44 daAuts
